 Dungeon Crawl Stone Soup version 0.25.1-9-gc5326a611f (webtiles) character file.

Game seed: 3210032219735831158

8 zeroc00l the Ducker (level 2, 0/13 HPs)
             Began as a Spriggan Venom Mage on Dec 26, 2020.
             Killed from afar by a dart slug (5 damage)
             ... with a slug dart
             ... on level 1 of the Dungeon.
             The game lasted 00:01:17 (482 turns).

zeroc00l the Ducker (Spriggan Venom Mage)            Turns: 482, Time: 00:01:17

Health: 0/13       AC:  2    Str:  4    XL:     2   Next: 0%
Magic:  1/6        EV: 18    Int: 16    God:
Gold:   13         SH:  0    Dex: 16    Spells: 5/6 levels left

rFire    . . .     SeeInvis +   a - +0 short sword
rCold    . . .     Gourm    .   (shield restricted)
rNeg     . . .     Faith    .   d - +0 robe
rPois    .         Spirit   .   (helmet restricted)
rElec    .         Reflect  .   (no cloak)
rCorr    .         Harm     .   (gloves unavailable)
MR       .....                  (boots unavailable)
Stlth    ++........             (no amulet)
HPRegen  0.04/turn              (no ring)
MPRegen  0.10/turn              (no ring)

@: very slightly contaminated, very quick
A: very small, unfitting armour, see invisible, herbivore, speed 3, slow
metabolism 2
a: no special abilities


You were on level 1 of the Dungeon.
You were not hungry.

You visited 1 branch of the dungeon, and saw 1 of its levels.

You collected 13 gold pieces.

Inventory:

Hand Weapons
 a - a +0 short sword (weapon)
Missiles
 e - 15 poisoned darts (quivered)
Armour
 d - a +0 robe (worn)
Scrolls
 b - 2 scrolls of teleportation {unknown}
Comestibles
 c - 3 rations


   Skills:
 + Level 3.3 Dodging
 - Level 3.0 Stealth
 + Level 2.9 Spellcasting
 + Level 1.8 Transmutations
 + Level 3.1 Poison Magic


You had 5 spell levels left.
You knew the following spells:

 Your Spells              Type           Power        Failure   Level  Hunger
a - Sting                 Tmut/Pois      ##..         7%          1    #......

Your spell library contained the following spells:

 Spells                   Type           Power        Failure   Level  Hunger
 Poisonous Vapours        Pois/Air       #.....       16%         2    ##.....
 Ignite Poison            Fire/Tmut/Pois #.......     28%         3    ###....
 Mephitic Cloud           Conj/Pois/Air  #.......     36%         3    ###....
 Olgreb's Toxic Radiance  Pois           ##......     45%         4    #####..


Dungeon Overview and Level Annotations

Branches:
Dungeon (1/15)

Altars:


Innate Abilities, Weirdness & Mutations

You are very small and have problems with some larger weapons.
You are too small for most types of armour.
You have supernaturally acute eyesight. (SInv)
You are a herbivore.
You cover ground extremely quickly.
You need to consume almost no food.


Message History

Confirm with . or Enter, or press ? or * to list all spells.
Aiming: Sting (safe; 7% risk of failure)
Press: ? - help, Shift-Dir - straight line, f - jackal
Aim: a jackal The sting misses the jackal.
The jackal barely misses you. The jackal misses you.
Casting: Sting (safe; 7% risk of failure)
Confirm with . or Enter, or press ? or * to list all spells.
Aiming: Sting (safe; 7% risk of failure)
Press: ? - help, Shift-Dir - straight line, f/p - jackal
Aim: a jackal The sting hits the jackal.
The jackal is poisoned.
The jackal is heavily wounded.
The jackal bites you.
You hit the jackal.
You kill the jackal!
You have reached level 2!
The dart slug launches a dart at you. The slug dart hits you.
You die...

#. .# #. #..# ##. .. #.
##.# #..# g. #.# #..##.
#.# #...)# #.# #.... #.#
#..# # #.#
##(w######.###.. #.#
#..(....@....... #.#
#...##########.. #.#
#(...............[###.###
#.#.###.######..........#
#.#...................#.#
#.#####.######...######..
#. #.# #...# #.. #. #.#
#...# #.. #. ##.## #...#
####..


You could see a dart slug.

Vanquished Creatures
  A giant cockroach (D:1)
  A goblin (D:1)
  A jackal (D:1)
  A bat (D:1)
  A frilled lizard (D:1)
  3 kobolds (D:1)
  A rat (D:1)
9 creatures vanquished.

Notes
Turn   | Place    | Note
-------+----------+-------------------------------------------
     0 | D:1      | zeroc00l the Spriggan Venom Mage began the quest for the
                  | Orb.
     0 | D:1      | Reached XP level 1. HP: 9/9 MP: 5/5
   482 | D:1      | Reached XP level 2. HP: 5/13 MP: 0/6
   482 | D:1      | Killed from afar by a dart slug

Illustrated notes

Levels and vault maps discovered:
D:1:      kilobyte_arrival_exit_the_forest, layout_loops_ring,
          minmay_tetromino_l4

Action                   || total
-------------------------++-------
Melee: Short sword       ||     3
 Cast: Sting             ||    11
Armor: Robe              ||     1
Dodge: Dodged            ||    12
